 Dungeon Sprint DCSS version 0.27-a0-1334-g2746e35aca (webtiles) character file.

Game seed: 9683145209838148507

84087 mhtbhm the Archmage (level 15, -3/88 HPs)
             Began as a Deep Elf Earth Elementalist on June 25, 2021.
             Was the Champion of Vehumet.
             Slain by Mennas (15 damage)
             ... in the Dungeon (Sprint IX: "|||||||||||||||||||||||||||||") on June 26, 2021.
             The game lasted 00:26:40 (8658 turns).

mhtbhm the Archmage (Deep Elf Earth Elementalist)   Turns: 8658, Time: 00:26:41

Health: -3/88      AC: 11    Str:  5    XL:     15   Next: 34%
Magic:  8/48       EV: 20    Int: 33    God:    Vehumet [******]
Gold:   115        SH:  0    Dex: 17    Spells: 24/68 levels left

rFire    . . .     SeeInvis .   n - +2 scimitar of Demand {speed, rC+ Dex+2}
rCold    + . .     Faith    .   (no shield)
rNeg     + . .     Spirit   .   b - +0 robe {rN+}
rPois    +         Reflect  .   z - +1 hat
rElec    .         Harm     .   L - +0 cloak {rPois}
rCorr    .         Rampage  .   l - +0 pair of gloves
Will     +....     NoTele   +   m - +1 pair of boots
Stlth    +.........             (no amulet)
HPRegen  0.24/turn              o - +4 ring of protection
MPRegen  0.31/turn              E - +6 ring of intelligence

@: confused, hasted, glowing, very quick
A: large bone plates 1
a: Renounce Religion


You were in the Dungeon.
You worshipped Vehumet.
Vehumet was exalted by your worship.
You visited 1 branch You collected 1904 gold pieces.
You spent 1789 gold pieces at shops.

Inventory:

Hand Weapons
 n - the +2 scimitar of Demand (weapon) {speed, rC+ Dex+2}
   (You found it in the Dungeon)

   Attacks with this weapon are significantly faster.
   It affects your dexterity (+2).
   It protects you from cold.
 D - a +0 great sword of holy wrath
 K - the +8 arc blade {discharge, rElec}
   (You took it off Nikola in the Dungeon)

   It insulates you from electricity.
Missiles
 i - 23 stones
 p - 2 throwing nets (quivered)
 r - 4 atropa-tipped darts
 I - 10 silver javelins
Armour
 b - a +0 robe of positive energy (worn)
 l - a +0 pair of gloves (worn)
 m - a +1 pair of boots (worn)
 z - a +1 hat (worn)
 L - a +0 cloak of poison resistance (worn)
 Q - the +10 tower shield of Ignorance {rN+ Int-4}
   (You found it in the Dungeon)

   It affects your intelligence (-4).
   It protects you from negative energy.
Jewellery
 o - a +4 ring of protection (left hand)
 w - a ring of protection from fire
 E - a +6 ring of intelligence (right hand)
 F - a ring of protection from cold
 G - a ring of see invisible
 M - a ring of wizardry
Wands
 k - a wand of iceblast (2)
 y - a wand of polymorph (13)
Scrolls
 h - 3 scrolls of blinking
 j - 2 scrolls of amnesia
 s - a scroll of summoning
 t - 4 scrolls of fear
 u - 6 scrolls of enchant armour
 v - 4 scrolls of enchant weapon
 B - 4 scrolls of fog
 C - a scroll of immolation
 T - a scroll of identify
Potions
 a - a potion of invisibility
 c - 5 potions of curing
 d - 5 potions of heal wounds
 e - 4 potions of brilliance
 f - 4 potions of magic
 g - 2 potions of berserk rage
 q - 2 potions of mutation
 x - a potion of might
 J - a potion of cancellation {unknown}
 R - 2 potions of resistance
Miscellaneous
 A - a tin of tremorstones (2/2)


   Skills:
 + Level 8.1 Fighting
 + Level 12.1 Long Blades
 + Level 13.4 Dodging
 + Level 9.5 Stealth
 + Level 1.5 Shields
 O Level 27 Spellcasting
 + Level 6.6 Conjurations
 + Level 18.1 Transmutations
 O Level 27 Earth Magic
 + Level 5.7 Evocations


You had 24 spell levels left.
You knew the following spells:

 Your Spells              Type           Power      Damage    Failure   Level
a - Sandblast             Erth           100%       2d20      0%          1
b - Passwall              Tmut/Erth      95%        N/A       0%          2
c - Stone Arrow           Conj/Erth      100%       3d13      0%          3
d - Lee's Rapid Deconstr  Erth           61%        3d29*     0%          5
e - Petrify               Tmut/Erth      100%       N/A       0%          4
f - Eringya's Noxious Bo  Tmut/Pois      40%        N/A       1%          6
g - Iron Shot             Conj/Erth      50%        9d10      1%          6
h - Lehudib's Crystal Sp  Conj/Erth      50%        10d12     1%          8
i - Shatter               Erth           61%        3d45*     1%          9

Your spell library contained the following spells:

 Spells                   Type           Power      Damage    Failure   Level
 Chain Lightning          Conj/Air       30%        3d40      100%        9
 Polar Vortex             Ice            22%        N/A       100%        9


Dungeon Overview and Level Annotations

Branches:
Dungeon (1/1)

Altars:
Cheibriados
Dithmenos
Elyvilon
Fedhas
Gozag
Hepliaklqana
Kikubaaqudgha
Makhleb
Nemelex Xobeh
Okawaru
Qazlal
Ru
Sif Muna
Trog
Uskayaw
Vehumet
Wu Jian
Xom
Yredelemnul
Zin
The Shining One
Beogh
Jiyva
Lugonu

Shops:
D **=(

Annotations:
D Mennas


Innate Abilities, Weirdness & Mutations

You are partially covered in large bone plates. (SH +4)


Message History

You are confused.
Unknown command.
You feel better. Mennas misses you.
You riposte.
Mennas blocks your attack.
Mennas is moderately wounded.
You block Mennas's attack. Mennas misses you.
Mennas hits you with a +3 sacred scourge of holy wrath.
Unknown command.
Magic courses through your body.
Mennas hits you with a +3 sacred scourge of holy wrath!
* * * LOW HITPOINT WARNING * * *
You block Mennas's attack.
Unknown command.
Casting: Lehudib's Crystal Spear (dangerous; 1% risk of failure)
Confirm with . or Enter, or press ? or * to list all spells.
Okay, then.
Casting: Lehudib's Crystal Spear (dangerous; 1% risk of failure)
Confirm with . or Enter, or press ? or * to list all spells.
Okay, then.
Unknown command.
Casting: Lehudib's Crystal Spear (dangerous; 1% risk of failure)
Confirm with . or Enter, or press ? or * to list all spells.
Aiming: Lehudib's Crystal Spear (dangerous; 1% risk of failure)
Press: ? - help, Shift-Dir - straight line, f/p - Mennas
Aim: Mennas, wielding a +3 sacred scourge of holy wrath and wearing a +0 tower shield (moderately wounded, haloed, 58% to hit)
Mennas blocks the crystal spear.
You hear a roar!
You hear a deafening roar!
You hear a roar!
Unknown command.
Casting: Lehudib's Crystal Spear (dangerous; 1% risk of failure)
Confirm with . or Enter, or press ? or * to list all spells.
Aiming: Lehudib's Crystal Spear (dangerous; 1% risk of failure)
Press: ? - help, Shift-Dir - straight line, f/p - Mennas
Aim: Mennas, wielding a +3 sacred scourge of holy wrath and wearing a +0 tower shield (moderately wounded, haloed, 58% to hit)
The crystal spear misses Mennas.
You hear a roar!
Mennas looks to the heavens.
Mennas gestures frantically.
You are confused.
Mennas hits you with a +3 sacred scourge of holy wrath!
* * * LOW HITPOINT WARNING * * *
Mennas hits you with a +3 sacred scourge of holy wrath!
You die...

♣.▓[▓.▓.▓.▓.▓.▓.▓.
♣.▓.▓.▓)▓.▓.▓.▓.▓.
♣.▓.▓.▓.▓.▓.▓.▓.▓.
♣.▓.▓.▓.▓.▓.▓.▓.▓.
♣.▓.▓.▓.▓.▓.▓.▓)▓)
♣)▓.▓.▓)▓.▓)▓.▓.▓.
♣.▓.▓.▓.▓.▓.▓.▓'▓.
♣A▓.▓.▓.▓.▓.▓.▓.▓.
♣@▓.▓.▓.▓.▓.▓.▓.▓.
♣.▓.▓.▓.▓.▓.▓.▓.▓.
♣.▓.▓.▓.▓.▓.▓.▓.▓.
♣.▓.▓.▓.▓.▓.▓.▓.▓.
♣.▓.▓[▓.▓.▓.▓.▓.▓.
▓.▓.▓.▓.▓.▓.▓.▓)▓.
▓.▓.▓.▓.▓.▓.▓)▓(▓.
▓.▓.▓.▓.▓.▓.▓.▓†▓.
▓.▓.▓.▓.▓)▓.▓.▓.▓.


You could see Mennas.

Vanquished Creatures
  Boris (D)
  Nikola (D)
  Rupert (D)
  Gastronok (D)
  3 thorn hunters (D)
  Kirke (D)
  2 fire giants (D)
  Louise (D)
  A nagaraja (D)
  2 ironbound preservers (D)
  2 very ugly things (D)
  Nessos (D)
  6 stone giants (D)
  2 entropy weavers (D)
  A spark wasp (D)
  A bunyip (D)
  A merfolk javelineer (D)
  2 ettins (D)
  An eleionoma (D)
  A yaktaur captain (D)
  A great orb of eyes (D)
  Harold (D)
  A fire dragon (D)
  A peacekeeper (D)
  2 rakshasas (D)
  An ironbound frostheart (D)
  An ironbound thunderhulk (D)
  3 hydras (D)
  A two-headed ogre (D)
  Erica (D)
  A centaur warrior (D)
  A satyr (D)
  A deep troll earth mage (D)
  5 tengu warriors (D)
  A naga sharpshooter (D)
  7 orc high priests (D)
  A spriggan (D)
  3 sea snakes (D)
  A bog body (D)
  A glowing orange brain (D)
  An ironbound convoker (D)
  2 wizards (D)
  A swamp dragon (D)
  8 orc knights (D)
  A necromancer (D)
  2 orb spiders (D)
  2 ugly things (D)
  A manticore (D)
  A will-o-the-wisp (D)
  2 cyclopes (D)
  A moth of wrath (D)
  A guardian serpent (D)
  4 black mambas (D)
  A water nymph (D)
  5 cane toads (D)
  A vault sentinel (D)
  2 naga magi (D)
  A gargoyle (D)
  A torpor snail (D)
  A yaktaur (D)
  Psyche (D)
  A freezing wraith (D)
  An efreet (D)
  A tengu conjurer (D)
  A troll (D)
  2 meliai (D)
  2 polar bears (D)
  2 tyrant leeches (D)
  2 jumping spiders (D)
  A hornet (D)
  2 blink frogs (D)
  A wind drake (D)
  A dream sheep (shapeshifter) (D)
  5 slime creatures (D)
  A snapping turtle (D)
  A wyvern (D)
  Eustachio (D)
  2 redbacks (D)
  A hog (D)
  3 yaks (D)
  2 basilisks (D)
  A naga (D)
  2 water moccasins (D)
  11 orc warriors (D)
  6 bullfrogs (D)
  A wight (D)
  A howler monkey (D)
  A jelly (D)
  6 orc priests (D)
  3 orc wizards (D)
  A worm (D)
  4 orcs (D)
  A bat skeleton (D)
  2 goblins (D)
  A kobold (D)
  A ball python (D)
  A ball python simulacrum (D)
  A ball python skeleton (D)
  A frilled lizard (D)
185 creatures vanquished.

Vanquished Creatures (others)
  2 humans (D)
2 creatures vanquished.

Grand Total: 187 creatures vanquished

Notes
Turn   | Place    | Note
-------+----------+-------------------------------------------
     0 | D        | mhtbhm the Deep Elf Earth Elementalist began the quest for
                  | the Orb.
     0 | D        | Reached XP level 1. HP: 10/10 MP: 6/6
    71 | D        | Noticed a jelly
    71 | D        | Noticed a water moccasin
    74 | D        | Reached XP level 2. HP: 15/15 MP: 4/8
   122 | D        | Reached skill level 5 in Spellcasting
   122 | D        | Reached skill level 5 in Earth Magic
   122 | D        | Reached XP level 3. HP: 19/19 MP: 4/11
   127 | D        | Killed a water moccasin
   128 | D        | Reached skill level 5 in Stealth
   128 | D        | Reached XP level 4. HP: 24/24 MP: 0/15
   128 | D        | Reached XP level 5. HP: 28/28 MP: 0/17
   160 | D        | Found a snail-covered altar of Cheibriados.
   160 | D        | Found a shadowy altar of Dithmenos.
   160 | D        | Found a white marble altar of Elyvilon.
   160 | D        | Found a blossoming altar of Fedhas.
   160 | D        | Found an opulent altar of Gozag.
   161 | D        | Found a hazy altar of Hepliaklqana.
   162 | D        | Found a viscous altar of Jiyva.
   163 | D        | Found an ancient bone altar of Kikubaaqudgha.
   164 | D        | Found a corrupted altar of Lugonu.
   165 | D        | Found a burning altar of Makhleb.
   166 | D        | Found a sparkling altar of Nemelex Xobeh.
   167 | D        | Found an iron altar of Okawaru.
   168 | D        | Found a stormy altar of Qazlal.
   169 | D        | Found a sacrificial altar of Ru.
   170 | D        | Found a shimmering blue altar of Sif Muna.
   171 | D        | Found a bloodstained altar of Trog.
   172 | D        | Found a hide-covered altar of Uskayaw.
   173 | D        | Found a radiant altar of Vehumet.
   174 | D        | Found an ornate altar of the Wu Jian Council.
   175 | D        | Found a shimmering altar of Xom.
   176 | D        | Found a basalt altar of Yredelemnul.
   177 | D        | Found a glowing silver altar of Zin.
   178 | D        | Found a glowing golden altar of the Shining One.
   181 | D        | Became a worshipper of Vehumet
   185 | D        | Learned a level 2 spell: Passwall
   189 | D        | Learned a level 3 spell: Stone Arrow
   195 | D        | Learned a level 5 spell: Lee's Rapid Deconstruction
   200 | D        | Learned a level 4 spell: Petrify
   285 | D        | Got the +2 scimitar of Demand {speed, rC+ Dex+2}
   297 | D        | Noticed an orc warrior
   297 | D        | Noticed a yak
   297 | D        | Noticed a two-headed ogre
   297 | D        | Noticed a troll
   317 | D        | Killed an orc warrior
   318 | D        | Reached skill level 10 in Spellcasting
   318 | D        | Reached XP level 6. HP: 32/32 MP: 0/21
   318 | D        | Killed a yak
   318 | D        | Reached * piety under Vehumet
   318 | D        | Offered knowledge of Magic Dart by Vehumet.
   319 | D        | Reached skill level 5 in Dodging
   319 | D        | Reached skill level 10 in Earth Magic
   324 | D        | Killed a two-headed ogre
   325 | D        | Reached XP level 7. HP: 36/36 MP: 0/26
   325 | D        | Reached XP level 8. HP: 41/41 MP: 0/28
   621 | D        | Killed a troll
   622 | D        | Reached skill level 15 in Spellcasting
   670 | D        | Noticed a centaur warrior
   670 | D        | Noticed a white ugly thing
   670 | D        | Noticed an efreet
   670 | D        | Noticed a cyclops
   670 | D        | Noticed a slime creature
   670 | D        | Noticed a gargoyle
   680 | D        | Killed a centaur warrior
   680 | D        | Offered knowledge of Freeze by Vehumet.
   680 | D        | Reached ** piety under Vehumet
   680 | D        | Killed a white ugly thing
   681 | D        | Reached XP level 9. HP: 46/46 MP: 11/32
   682 | D        | Killed an efreet
   832 | D        | Killed a cyclops
   832 | D        | Reached *** piety under Vehumet
   833 | D        | Reached skill level 15 in Earth Magic
   888 | D        | Offered knowledge of Searing Ray by Vehumet.
   889 | D        | Killed a gargoyle
  1051 | D        | Noticed a cane toad
  1051 | D        | Noticed a cane toad
  1054 | D        | Offered knowledge of Ignite Poison by Vehumet.
  1056 | D        | Killed a cane toad
  1056 | D        | Reached **** piety under Vehumet
  1058 | D        | Killed a cane toad
  1059 | D        | Reached XP level 10. HP: 51/51 MP: 12/34
  1059 | D        | Noticed a black mamba
  1175 | D        | Offered knowledge of Irradiate by Vehumet.
  1176 | D        | Reached ***** piety under Vehumet
  1178 | D        | Killed a black mamba
  1309 | D        | Noticed a six-headed hydra
  1313 | D        | Killed a six-headed hydra
  1314 | D        | Noticed a seven-headed hydra
  1319 | D        | Noticed a cane toad
  1325 | D        | HP: 2/51 [seven-headed hydra (4)]
  1333 | D        | Reached skill level 1 in Fighting
  1333 | D        | Offered knowledge of Spellforged Servitor by Vehumet.
  1338 | D        | Killed a seven-headed hydra
  1643 | D        | Killed a cane toad
  1877 | D        | Noticed a cane toad
  1877 | D        | Noticed a cane toad
  1880 | D        | Killed a cane toad
  1880 | D        | Killed a cane toad
  1880 | D        | Reached ****** piety under Vehumet
  1880 | D        | Offered knowledge of Eringya's Noxious Bog by Vehumet.
  1881 | D        | Reached XP level 11. HP: 37/56 MP: 28/38
  2237 | D        | Learned a level 6 spell: Eringya's Noxious Bog
  2285 | D        | Noticed Eustachio
  2365 | D        | Killed Eustachio
  2367 | D        | Noticed Gastronok
  2381 | D        | Killed Gastronok
  2382 | D        | Reached skill level 1 in Conjurations
  2548 | D        | Noticed an orc knight
  2555 | D        | Killed an orc knight
  2555 | D        | Offered knowledge of Starburst by Vehumet.
  2616 | D        | Upgraded the game from 0.27-a0-1332-g84bddb5ca7 to
                  | 0.27-a0-1334-g2746e35aca
  2728 | D        | Offered knowledge of Bolt of Magma by Vehumet.
  2732 | D        | Noticed an orc knight
  2742 | D        | Killed an orc knight
  2928 | D        | Offered knowledge of Iron Shot by Vehumet.
  3156 | D        | Learned a level 6 spell: Iron Shot
  3259 | D        | Found Owuozerr's General Store.
  3259 | D        | Noticed an orc knight
  3259 | D        | Noticed an orc knight
  3259 | D        | Noticed an orc knight
  3259 | D        | Noticed an orc high priest
  3259 | D        | Noticed an orc knight
  3268 | D        | Killed an orc knight
  3271 | D        | Killed an orc knight
  3272 | D        | Noticed a sun demon
  3272 | D        | Killed an orc knight
  3281 | D        | Gained mutation: You are partially covered in large bone
                  | plates. (SH +4) [a neqoxec]
  3475 | D        | Noticed an orc high priest
  3482 | D        | Killed an orc high priest
  3485 | D        | Noticed an orc knight
  3486 | D        | Killed an orc knight
  3488 | D        | Killed an orc high priest
  3489 | D        | Reached XP level 12. HP: 53/62 MP: 5/42
  3678 | D        | Offered knowledge of Orb of Destruction by Vehumet.
  3704 | D        | Noticed an orc high priest
  3712 | D        | Killed an orc high priest
  3713 | D        | Reached skill level 5 in Transmutations
  3934 | D        | Found Evahotz's General Store.
  3938 | D        | Found Jumoly's Jewellery Emporium.
  3942 | D        | Found Detoo's Weapon Shoppe.
  3945 | D        | Noticed an orc high priest
  3947 | D        | Noticed an orc high priest
  3948 | D        | Noticed an orc high priest
  3951 | D        | Killed an orc high priest
  3952 | D        | Noticed an orc high priest
  3953 | D        | Killed an orc high priest
  3954 | D        | Killed an orc high priest
  3957 | D        | Killed an orc high priest
  4069 | D        | Bought a tin of tremorstones (2/2) for 560 gold pieces
  4071 | D        | Bought a scroll of fog for 24 gold pieces
  4071 | D        | Bought a potion of magic for 96 gold pieces
  4071 | D        | Bought a scroll of immolation for 42 gold pieces
  4071 | D        | Bought 24 stones for 28 gold pieces
  4126 | D        | Bought a +6 ring of intelligence for 643 gold pieces
  4135 | D        | Bought a +4 ring of protection for 396 gold pieces
  4180 | D        | Noticed Harold
  4186 | D        | Killed Harold
  4417 | D        | Noticed a four-headed hydra
  4429 | D        | Offered knowledge of Lehudib's Crystal Spear by Vehumet.
  4576 | D        | Learned a level 8 spell: Lehudib's Crystal Spear
  4664 | D        | Killed a four-headed hydra
  4859 | D        | Noticed a rakshasa
  4896 | D        | Killed a rakshasa
  4902 | D        | Noticed a deep troll earth mage
  4906 | D        | Killed a deep troll earth mage
  4957 | D        | Noticed a stone giant
  4962 | D        | Killed a stone giant
  4962 | D        | Offered knowledge of Shatter by Vehumet.
  4962 | D        | Offered knowledge of Chain Lightning by Vehumet.
  4962 | D        | Offered knowledge of Polar Vortex by Vehumet.
  5022 | D        | Learned a level 9 spell: Shatter
  5078 | D        | Noticed a stone giant
  5080 | D        | Noticed a spark wasp
  5082 | D        | Noticed a tengu warrior
  5086 | D        | Killed a spark wasp
  5087 | D        | Killed a stone giant
  5088 | D        | Reached XP level 13. HP: 67/67 MP: 19/45
  5273 | D        | Noticed Rupert
  5276 | D        | Killed Rupert
  5277 | D        | Reached skill level 27 in Spellcasting
  5392 | D        | Noticed Kirke
  5397 | D        | Killed Kirke
  5398 | D        | Reached skill level 1 in Shields
  5400 | D        | Noticed Erica
  5410 | D        | Killed Erica
  5501 | D        | Noticed a nagaraja
  5503 | D        | Killed a nagaraja
  5504 | D        | Reached skill level 1 in Long Blades
  5730 | D        | Noticed a thorn hunter
  5730 | D        | Noticed a thorn hunter
  5730 | D        | Noticed a thorn hunter
  5731 | D        | Killed a thorn hunter
  5732 | D        | Noticed an eleionoma
  5733 | D        | Killed a thorn hunter
  5733 | D        | Killed a thorn hunter
  5733 | D        | Killed an eleionoma
  5733 | D        | Noticed a bunyip
  5735 | D        | Killed a bunyip
  6013 | D        | Noticed a merfolk javelineer
  6014 | D        | Reached XP level 14. HP: 56/74 MP: 39/47
  6017 | D        | Reached skill level 5 in Evocations
  6198 | D        | Reached skill level 5 in Conjurations
  6198 | D        | Reached skill level 27 in Earth Magic
  6495 | D        | Noticed Nessos
  6500 | D        | Killed Nessos
  6501 | D        | Reached skill level 5 in Long Blades
  6501 | D        | Reached skill level 10 in Dodging
  6509 | D        | Noticed Psyche
  6513 | D        | Killed Psyche
  6711 | D        | Noticed a fire giant
  6711 | D        | Noticed a stone giant
  6713 | D        | Reached skill level 5 in Fighting
  6713 | D        | Killed a fire giant
  6713 | D        | Killed a stone giant
  6714 | D        | Noticed a stone giant
  6719 | D        | Noticed a stone giant
  6858 | D        | Killed a stone giant
  6865 | D        | Killed a stone giant
  6866 | D        | Reached skill level 10 in Transmutations
  7104 | D        | Noticed a fire giant
  7106 | D        | Killed a fire giant
  7226 | D        | Noticed a stone giant
  7233 | D        | Killed a stone giant
  7395 | D        | Noticed a green very ugly thing
  7399 | D        | Killed a green very ugly thing
  7455 | D        | Noticed an ironbound preserver
  7457 | D        | Killed an ironbound preserver
  7458 | D        | Reached skill level 10 in Long Blades
  7767 | D        | Reached XP level 15. HP: 86/86 MP: 44/48
  7774 | D        | Reached skill level 15 in Transmutations
  8130 | D        | Noticed Boris
  8134 | D        | Killed Boris
  8257 | D        | Noticed Nikola
  8260 | D        | Killed Nikola
  8387 | D        | Found the +10 tower shield of Ignorance {rN+ Int-4}
  8470 | D        | Noticed Louise
  8476 | D        | Killed Louise
  8478 | D        | Noticed Mennas
  8658 | D        | Slain by Mennas

Illustrated notes

Levels and vault maps discovered:
D:        linesprint [early_d, line_temple, items_1, d_10, items_2, lair_1,
          lair_end, items_3, orc_1, orc_end, items_4, d_15, swamp_1, shoals_1,
          snake_1, spider_1, d_20, vaults_1, items_5, swamp_end, shoals_end,
          snake_end, spider_end, vaults_end, d_27, items_6, zot_1, zot_end,
          crypt_end, forest_end, elf_end, slime_end, tomb_end, abyss_end,
          pan_hell_end]

Skill      XL: |  1  2  3  4  5  6  7  8  9 10 11 12 13 14 15 |
---------------+----------------------------------------------+-----
Transmutations | 2 3 4 7 8 14 18 | 18.1
Stealth        | 3 5 7 8 9 |  9.5
Earth Magic    | 4 5 8 9 12 14 16 18 20 22 26 27 | 27.0
Dodging        | 3 4 5 6 8 12 13 | 13.4
Spellcasting   | 5 7 10 14 17 18 21 24 26 27 | 27.0
Evocations     | 2 3 4 5 |  5.7
Fighting       | 1 2 3 7 8 |  8.1
Conjurations   | 3 4 6 |  6.6
Shields        | 1 |  1.5
Long Blades    | 2 10 12 | 12.1

Action                   |  1- 3 |  4- 6 |  7- 9 | 10-12 | 13-15 || total
-------------------------+-------+-------+-------+-------+-------++-------
Melee: Scimitar          |       |       |       |       |    21 ||    21
 Cast: Sandblast         |    17 |     4 |       |     4 |     6 ||    31
       Lee's Rapid Decon |       |     2 |    16 |   108 |    64 ||   190
       Stone Arrow       |       |     1 |     2 |    29 |     3 ||    35
       Petrify           |       |       |     2 |    35 |    32 ||    69
       Iron Shot         |       |       |       |     6 |     4 ||    10
       Shatter           |       |       |       |       |    45 ||    45
       Lehudib's Crystal |       |       |       |       |     7 ||     7
Evoke: Wand              |       |     5 |       |     2 |     1 ||     8
  Use: Potion            |     1 |     2 |       |       |     5 ||     8
       Scroll            |       |       |       |     1 |     1 ||     2
Armor: Robe              |     1 |     2 |       |    13 |    16 ||    32
Dodge: Dodged            |     8 |     9 |     1 |    19 |    33 ||    70
Block: Other             |       |       |       |     1 |     7 ||     8
       Rpst.: Scimitar   |       |       |       |     2 |     8 ||    10

Table legend: (Time is in decaauts)
 A = Elapsed time spent in this place.
 B = Non-inter-level travel time spent in this place.
 C = Inter-level travel time spent in this place.
 D = Time resting spent in this place.
 E = Time spent auto-exploring this place.
 F = Levels seen in this place.
 G = Mean time per level.
                   A        B        C        D        E       F      G
               +--------+--------+--------+--------+--------+-----+--------+
         Total |   8639 |   8639 |      0 |   5048 |   1757 |   1 | 8639.0 |
       Dungeon |   8639 |   8639 |      0 |   5048 |   1757 |   1 | 8639.0 |
               +--------+--------+--------+--------+--------+-----+--------+

Top non-repeatable levels by time:
       D: 8639 daAuts
